Map: Буревестник РВ

Players

MаXGrig

  • Race: Terran Terran
  • League: Diamond
  • Spawn Location: 5:00

ИИ 1 (эксперт) - Winner!

  • Race: Zerg Zerg
  • Spawn Location: 11:00

VOD

Have the link to the VOD?

Description

Time

  • Played on: Sept. 21, 2019, 1:10 a.m.
  • Length: 5:33
Show
View Real Time Build Order
Export as new Build Order

MаXGrig Terran 

Build Orders: Gas First Reaper Expand 

Get SALT Encoding   

  12  0:01  SCV  
  13  0:13  SCV  
  14  0:17  Supply Depot  
  14  0:25  SCV  
  14  0:27  Refinery  
  15  0:38  SCV  
  16  0:46  Barracks  
  16  0:52  SCV  
  17  1:04  SCV  
  18  1:16  SCV  
  19  1:33  Reaper  
  19  1:34  Orbital Command  
  20  1:45  Command Center  
  20  1:50  Refinery  
  20  2:00  SCV  
  21  2:05  Barracks Reactor  
  21  2:11  Supply Depot  
  21  2:12  SCV  
  22  2:23  Bunker  
  22  2:24  SCV  
  23  2:30  Factory  
  23  2:36  SCV  
  24  2:41  Marine x2  
  26  2:48  SCV  
  27  2:58  Orbital Command  
  27  2:59  Marine x2  
  27  3:03  SCV  
  30  3:13  Factory Tech Lab  
  30  3:14  Starport  
  30  3:15  SCV  
  33  3:24  SCV  
  32  3:27  SCV  
  32  3:33  Siege Tank  
  36  3:36  SCV  
  36  3:37  Marine x2  
  36  3:39  SCV  
  36  3:40  Supply Depot  
  40  3:48  SCV  
  40  3:50  Starport Tech Lab  
  40  3:51  SCV  
  42  3:56  Marine  
  42  3:57  Marine  
  42  4:00  SCV  
  45  4:04  SCV  
  45  4:05  Supply Depot  
  45  4:09  Cloaking Field  
  46  4:10  Banshee  
  46  4:13  Siege Tank, SCV  
  46  4:16  SCV  
  54  4:26  SCV  
  54  4:28  SCV, Supply Depot  
  56  4:35  Command Center  
  56  4:42  Marine  
  56  4:43  Marine  
  56  4:44  SCV x2  
  60  4:50  Siege Tank  
  60  4:51  Supply Depot  
  63  4:57  SCV x2  
  68  5:00  Engineering Bay  
  68  5:05  Marine  
  68  5:06  Marine  
  70  5:10  Barracks  
  70  5:13  SCV x2  
  72  5:15  Supply Depot  
  72  5:19  Barracks  
  72  5:24  Refinery  
Show
View Real Time Build Order
Export as new Build Order

ИИ 1 (эксперт) Zerg - Winner!

Build Orders: Pool First 

Get SALT Encoding   

  12  0:00  Drone  
  13  0:13  Overlord  
  13  0:16  Drone  
  14  0:31  Drone x2  
  16  0:42  Spawning Pool  
  15  0:45  Drone  
  15  0:49  Drone  
  17  1:12  Hatchery  
  17  1:14  Drone  
  17  1:17  Extractor  
  16  1:19  Drone  
  16  1:23  Drone  
  18  1:28  Drone  
  19  1:38  Overlord  
  19  1:49  Drone  
  19  1:50  Queen  
  22  2:00  Zergling x2  
  23  2:07  Extractor  
  22  2:12  Drone  
  22  2:21  Drone  
  23  2:23  Drone  
  23  2:26  Queen  
  26  2:32  Drone  
  26  2:34  Drone  
  28  2:43  Drone  
  29  2:45  Roach Warren  
  29  2:48  Drone  
  29  2:54  Drone  
  29  2:56  Zergling x2  
  32  2:58  Zergling x2  
  32  3:04  Overlord  
  32  3:07  Drone  
  32  3:10  Drone  
  34  3:26  Roach x2  
  40  3:27  Roach  
  40  3:28  Roach  
  42  3:35  Lair  
  42  3:39  Overlord  
  42  3:44  Overlord  
  42  3:47  Zergling x2  
  43  3:49  Zergling x2  
  44  3:57  Zergling x2, Drone x2  
  44  3:59  Drone  
  44  4:02  Drone  
  49  4:04  Drone  
  49  4:08  Overlord  
  50  4:12  Roach  
  50  4:16  Roach  
  54  4:19  Roach  
  54  4:22  Roach  
  58  4:26  Overlord  
  58  4:32  Drone  
  58  4:34  Drone  
  58  4:36  Hydralisk Den, Drone  
  60  4:40  Roach  
  60  4:43  Roach  
  64  4:46  Overlord  
  64  5:04  Hydralisk, Drone  
  64  5:05  Hydralisk x3  
  64  5:06  Drone  
  74  5:08  Drone  
  74  5:11  Overlord  
  74  5:13  Drone  
  76  5:15  Drone  
  76  5:17  Drone  
  76  5:19  Drone  
  76  5:21  Drone  
Tags
 
Add a new tag
Caveats
  • Supply blocks, unpowered buildings, or Contaminate may cause inaccurate times.
  • Supply counts are checked every 10 seconds.